 Dungeon Crawl Stone Soup version 0.26-a0-646-g5d77183 (webtiles) character file.

Game seed: 12875818708958366979

427 Haruko the Skirmisher (level 7, 0/60 HPs)
             Began as a Formicid Fighter on Sept 24, 2020.
             Was a Follower of Cheibriados.
             Succumbed to a killer bee's poison
             ... on level 4 of the Dungeon.
             The game lasted 00:07:13 (3908 turns).

Haruko the Skirmisher (Formicid Fighter)            Turns: 3908, Time: 00:07:13

Health: 0/60       AC:  6    Str: 26    XL:     7   Next: 18%
Magic:  7/7        EV:  8    Int: 10    God:    Cheibriados [*.....]
Gold:   269        SH: 10    Dex: 13    Spells: 6/6 levels left

rFire    + . .     SeeInvis +   a - +0 long sword
rCold    . . .     Faith    .   c - +0 kite shield
rNeg     . . .     Spirit   .   b - +0 scale mail
rPois    +         Reflect  .   (helmet unavailable)
rElec    .         Harm     .   (no cloak)
rCorr    .         Rampage  .   (no gloves)
MR       .....                  (no boots)
Stlth    ..........             (no amulet)
HPRegen  0.20/turn              k - ring of poison resistance
MPRegen  0.10/turn              o - ring of protection from fire

@: lethally poisoned (0 -> -4), very slow
A: permanent stasis, dig shafts and tunnels, four strong arms, antennae 3
a: Dig, Shaft Self, Bend Time, Renounce Religion


You were on level 4 of the Dungeon.
You worshipped Cheibriados.
Cheibriados was aware of your devotion.
You visited 1 branch of the dungeon, and saw 5 of its levels.

You collected 269 gold pieces.

Inventory:

Hand Weapons
 a - a +0 long sword (weapon)
Armour
 b - a +0 scale mail (worn)
 c - a +0 kite shield (worn)
Jewellery
 k - a ring of poison resistance (left hand)
 o - a ring of protection from fire (right hand)
Scrolls
 d - a scroll of immolation {unknown}
 e - a scroll of enchant armour {unknown}
 f - a scroll of amnesia {unknown}
 i - 3 scrolls of teleportation {unknown}
 j - 3 scrolls of blinking {unknown}
 l - a scroll of enchant weapon
 n - a scroll of remove curse
Potions
 g - 2 potions of haste {unknown}
 m - a potion of lignification {unknown}
 p - 2 potions of curing {unknown}


   Skills:
 - Level 7.1 Fighting
 + Level 4.2 Long Blades
 - Level 3.2 Armour
 - Level 3.6 Shields


You had 6 spell levels left.
You didn't know any spells.
Your spell library contained the following spells:

 Spells                   Type           Power        Failure   Level
 Sandblast                Erth           #.....       95%         1
 Passwall                 Tmut/Erth      #.......     99%         2
 Stone Arrow              Conj/Erth      #.....       100%        3
 Petrify                  Tmut/Erth      #.......     100%        4
 Lee's Rapid Deconstruct  Erth           #.........   100%        5


Dungeon Overview and Level Annotations

Branches:
Dungeon (5/15)
 Temple: D:4-7

Altars:
Cheibriados
Kikubaaqudgha
Vehumet
Yredelemnul


Innate Abilities, Weirdness & Mutations

You cannot be hasted, slowed, berserked, paralysed or teleported.
You can dig through walls and to a lower floor.
Your four strong arms can wield two-handed weapons with a shield.
You have a pair of large antennae on your head. (SInv)


Message History

You block the killer bee's attack.
You are too injured to fight recklessly!
You are too injured to fight recklessly!
You are too injured to fight recklessly!
You are too injured to fight recklessly!
You are too injured to fight recklessly!
You block the killer bee's attack. You block the killer bee's attack.
The killer bee barely misses you.
You riposte.
You miss the killer bee. The killer bee barely misses you.
The killer bee stings you.
* * * LOW HITPOINT WARNING * * *
There is a stone staircase leading up here.
You block the killer bee's attack. The killer bee stings you.
* * * LOW HITPOINT WARNING * * *
You are poisoned.
The killer bee poisons you! You block the killer bee's attack.
The killer bee stings you!
* * * LOW HITPOINT WARNING * * *
You climb upwards.
You die...

#.......##...########
#####............'.......
#.....#......#...########
#.#...#..###.#.....##
#.#.#.#<.###.##..#.P♣
#.#.###..#....#.♣#..♣♣###
#.#......#.##.....♣♣.♣♣.#
#.######y#.#P.P♣♣.......#
#.#....y@#....♣♣♣.♣..P♣♣.
#.#.####.#..[.♣♣.P....♣♣.
#.#.####.#.♣♣♣.♣...♣♣♣♣P.
#.#...##...♣♣.....♣♣.....
#.###.##.#♣♣..P.♣♣.....♣♣
#.###.##...§...♣........♣
#.....##...§♣♣....♣..♣♣♣♣
########.#♣♣§♣......♣♣♣P♣
#.#.♣♣.§.#.....♣..


You could see 2 killer bees.

Vanquished Creatures
  An ogre (D:4)
  A phantom (D:4)
  A scorpion (D:4)
  A worker ant (D:4)
  5 gnolls
  5 adders
  2 oozes
  2 worms
  2 dart slugs
  3 leopard geckos (D:3)
  6 orcs
  5 giant cockroaches
  2 gnoll zombies (D:4)
  4 hobgoblins
  4 jackals (D:1)
  9 quokkas
  2 ball pythons (D:1)
  2 bats
  3 frilled lizards
  6 goblins
  A goblin zombie (D:4)
  3 kobolds
  A quokka zombie (D:4)
  4 rats
75 creatures vanquished.

Vanquished Creatures (others)
  52 plants (D:4)
52 creatures vanquished.

Grand Total: 127 creatures vanquished

Notes
Turn   | Place    | Note
-------+----------+-------------------------------------------
     0 | D:1      | Haruko the Formicid Fighter began the quest for the Orb.
     0 | D:1      | Reached XP level 1. HP: 18/18 MP: 1/1
   272 | D:1      | Reached XP level 2. HP: 25/25 MP: 2/2
   310 | D:1      | Reached skill level 4 in Fighting
   981 | D:1      | Reached XP level 3. HP: 31/31 MP: 3/3
  1244 | D:2      | Found a snail-covered altar of Cheibriados.
  1245 | D:2      | Reached skill level 5 in Fighting
  1257 | D:2      | Became a worshipper of Cheibriados the Contemplative
  1477 | D:2      | Reached XP level 4. HP: 38/39 MP: 4/4
  2029 | D:3      | Reached XP level 5. HP: 31/46 MP: 5/5
  2184 | D:3      | Reached skill level 6 in Fighting
  2758 | D:4      | Reached * piety under Cheibriados
  3065 | D:4      | Found a radiant altar of Vehumet.
  3159 | D:4      | Found an ancient bone altar of Kikubaaqudgha.
  3556 | D:4      | Noticed an ogre
  3565 | D:4      | Reached skill level 7 in Fighting
  3565 | D:4      | Reached XP level 6. HP: 53/55 MP: 6/6
  3576 | D:4      | Noticed a phantom
  3588 | D:4      | Killed a phantom
  3610 | D:4      | Killed an ogre
  3610 | D:4      | Reached XP level 7. HP: 36/60 MP: 7/7
  3795 | D:4      | Found a basalt altar of Yredelemnul.
  3877 | D:5      | Entered Level 5 of the Dungeon
  3907 | D:5      | HP: 1/60 [killer bee (7)]
  3908 | D:4      | Succumbed to a killer bee's poison

Illustrated notes

Levels and vault maps discovered:
D:1:      dpeg_arrival_oval, layout_basic
D:2:      layout_rooms, cheibriados_altar_1
D:3:      layout_loops_ring, kennysheep_potato
D:4:      wad_woods_stonehenge, layout_basic, old_standard_altar,
          lemuel_zombie_altar_yredelemnul, enter_ossuary_4, minmay_mini_jars
D:5:      layout_rooms, dk_noncrumbling_4

Skill      XL: |  1  2  3  4  5  6 |
---------------+-------------------+-----
Fighting       | 4 5 7 |  7.1
Long Blades    | 4 |  4.2
Armour         | |  3.2
Shields        | |  3.6

Action                   |  1- 3 |  4- 6 |  7- 9 || total
-------------------------+-------+-------+-------++-------
Melee: Long sword        |    86 |   142 |    17 ||   245
  Use: Scroll            |       |     4 |       ||     4
       Potion            |       |     1 |       ||     1
 Stab: Distracted        |       |     1 |       ||     1
Armor: Scale mail        |    35 |    52 |     7 ||    94
Dodge: Dodged            |    30 |    55 |     9 ||    94
Block: Kite shield       |    59 |    79 |    17 ||   155
       Rpst.: Long sword |    12 |    21 |     3 ||    36

Table legend: (Time is in decaauts)
 A = Elapsed time spent in this place.
 B = Non-inter-level travel time spent in this place.
 C = Inter-level travel time spent in this place.
 D = Time resting spent in this place.
 E = Time spent auto-exploring this place.
 F = Levels seen in this place.
 G = Mean time per level.
                   A        B        C        D        E       F      G
               +--------+--------+--------+--------+--------+-----+--------+
         Total |   4526 |   4425 |    101 |      0 |   3611 |   5 |  905.2 |
       Dungeon |   4526 |   4425 |    101 |      0 |   3611 |   5 |  905.2 |
               +--------+--------+--------+--------+--------+-----+--------+

Top non-repeatable levels by time:
     D:4: 1607 daAuts
     D:3: 1154 daAuts
     D:1: 1004 daAuts
     D:2: 720 daAuts
     D:5: 39 daAuts
